 Dungeon Crawl Stone Soup version 0.31-a0-965-g8a8ce12e04 (webtiles) character file.

Game seed: 7355318107583584495

1624 LeprechaunX the Changeling (level 8, -3/55 HPs)
             Began as an Octopode Shapeshifter on Oct 26, 2023.
             Was a Follower of Ru.
             Slain by a kobold brigand
             ... wielding a +0 club
              (5 damage)
             ... on level 6 of the Dungeon.
             The game lasted 00:05:14 (5051 turns).

LeprechaunX the Changeling (Octopode Shapeshifter)  Turns: 5051, Time: 00:05:15

Health: -3/55      AC:  1    Str: 13    XL:     8   Next: 97%
Magic:  8/8        EV: 13    Int: 13    God:    Ru [*.....]
Gold:   250        SH:  0    Dex: 13    Spells: 7/7 levels left

rFire   + .          .
                       - Unarmed
rCold   + . .        (no shield)
rNeg    . . .        (helmet currently unavailable)
rPois   .            (no amulet)
rElec   .            h - ring of see invisible
rCorr   .            u - ring of protection from fire
SInv    +            x - ring of protection from cold
Will    .....        (no ring)
Stlth   ++           (no ring)
HPRegen 0.29/turn    (no ring)
MPRegen 0.11/turn    (no ring)
                     (no ring)

%: no passive effects
@: lethally poisoned (-3 -> -5), beast-form, slowed, very slow
A: beast (slay +4), almost no armour, amphibious, 8 rings, camouflage 1,
gelatinous body 1, hated by all, (nimble swimmer 1), tentacles
a: Begin Untransformation, Renounce Religion


You were on level 6 of the Dungeon.
You worshipped Ru.
Ru was aware of your devotion.
You were a hulking beast.
You visited 1 branch of the dungeon, and saw 6 of its levels.

You collected 250 gold pieces.

Inventory:

Hand Weapons
 a - a +0 shortbow
Missiles
 s - 9 boomerangs
Jewellery
 h - a ring of see invisible (left tentacle)
 m - a ring of ice
 u - a ring of protection from fire (right tentacle)
 x - a ring of protection from cold (on tentacle)
Talismans
 b - a beast talisman
 c - a flux talisman
 t - a maw talisman
Wands
 r - a wand of flame (24)
Scrolls
 d - 4 scrolls of identify {unknown}
 e - 2 scrolls of fear {unknown}
 g - 2 scrolls of revelation {unknown}
 i - a scroll of teleportation {unknown}
 k - a scroll of immolation {unknown}
 l - a scroll of vulnerability {unknown}
 p - a scroll of amnesia {unknown}
 q - a scroll of torment {unknown}
 v - a scroll of enchant armour {unknown}
 z - a scroll of poison {unknown}
Potions
 f - a potion of berserk rage {unknown}
 j - a potion of invisibility {unknown}
 n - a potion of enlightenment {unknown}
 o - a potion of haste {unknown}
 w - a potion of ambrosia {unknown}
 y - a potion of might {unknown}


   Skills:
 + Level 5.1 Fighting
 + Level 1.5 Ranged Weapons
 - Level 2.0 Dodging
 + Level 5.9 Unarmed Combat
 + Level 3.2 Evocations
 * Level 7.4 Shapeshifting


You had 7 spell levels left.
You didn't know any spells.
Your spell library contained the following spells:

 Spells                   Type           Power      Damage    Failure   Level
 Cigotuvi's Dreadful Rot  Necr/Pois/Air  0%         N/A       43%         2
 Gell's Gravitas          Tloc           0%         N/A       67%         3
 Ignite Poison            Fire/Tmut/Pois 0%         N/A       67%         3
 Teleport Other           Tloc           0%         N/A       67%         3
 Freezing Cloud           Conj/Ice/Air   0%         6-21      100%        5
 Dispersal                Tloc           0%         N/A       100%        6


Dungeon Overview and Level Annotations

Branches:
Dungeon (6/15)
 Temple: D:4-7

Altars:
Ashenzari
Cheibriados
Gozag
Okawaru
Ru

Shops:
D:3 (:(

Annotations:
D:2 1 runed translucent door, Crazy Yiuf


Innate Abilities, Weirdness & Mutations

You are a hulking beast.
Your limbs bulge with bestial killing power. (Slay +4)
You cannot wear most types of armour.
You are amphibious.
You can wear up to eight rings at the same time.
Your skin changes colour to match your surroundings (Stealth+).
Your rubbery body absorbs attacks. (AC +1, EV +1)
You are hated by all.
((You are camouflaged when in or above water. (Stealth+)))
You have tentacles for arms and can constrict up to eight enemies at once.


Message History

You bludgeon the kobold!
You kill the kobold!
You feel sick.
You closely miss the kobold. You grab the kobold.
You constrict the kobold, but do no damage.
You feel sick. The kobold closely misses you.
You tentacle-slap the kobold.
The kobold is severely wounded.
You constrict the kobold.
You kill the kobold!
You feel sick.
You are no longer poisoned.
You swing at nothing.
You tentacle-slap the kobold.
You kill the kobold!
The kobold brigand throws a curare-tipped dart.
The curare-tipped dart hits you.
You are poisoned.
You have difficulty breathing.
You feel yourself slow down.
You swing at nothing.
You feel very sick.
You tentacle-slap the kobold brigand but do no damage.
Your grab misses the kobold brigand.
You feel very sick. The kobold brigand barely misses you.
The kobold brigand hits you with a +0 club.
* * * LOW HITPOINT WARNING * * *
You closely miss the kobold brigand. You grab the kobold brigand.
Your squeeze misses the kobold brigand. You constrict the kobold brigand.
You feel sick.
The kobold brigand hits you with a +0 club.
* * * LOW HITPOINT WARNING * * *
You tentacle-slap the kobold brigand but do no damage.
You squeeze the kobold brigand!
The kobold brigand is moderately wounded.
You constrict the kobold brigand.
* * * LOW HITPOINT WARNING * * *
You feel sick.
The kobold brigand hits you with a +0 club.
You die...

#.# ....
#.# .....
#.# .....
#.# ...).
#.# .....
#.# #.#
#.# #h#
#K# #+
#)#######
#.
#........
##
#).......
#..!.....
#........
#........
######
#........
#.....


You could see a kobold brigand.

Vanquished Creatures
  Grinder (D:3)
  Sigmund (D:3)
  An ice beast (D:5)
  An ogre (D:6)
  A centaur (D:5)
  A phantom (D:5)
  4 scorpions
  3 wights
  2 jellies (D:4)
  A gnoll bouda (D:5)
  A hound (D:5)
  An orc priest (D:5)
  Natasha (D:3)
  Terence (D:2)
  4 iguanas
  2 orc wizards (D:4)
  3 gnolls (D:5)
  4 adders
  A shadow imp (D:5)
  A white imp (D:4)
  A worm (D:5)
  3 dart slugs
  22 orcs
  6 ball pythons
  5 endoplasms
  3 giant cockroaches
  4 goblins
  4 hobgoblins
  4 jackals (D:3)
  11 kobolds
  2 quokkas
  A bat (D:1)
  2 frilled lizards
  8 rats
111 creatures vanquished.

Notes
Turn   | Place    | Note
-------+----------+-------------------------------------------
     0 | D:1      | LeprechaunX the Octopode Shapeshifter began the quest for
                  | the Orb.
     0 | D:1      | Reached XP level 1. HP: 13/13 MP: 1/1
   166 | D:1      | Reached XP level 2. HP: 18/18 MP: 2/2
   728 | D:2      | Reached XP level 3. HP: 4/23 MP: 3/3
   987 | D:2      | Noticed Terence
   999 | D:2      | Killed Terence
  1241 | D:2      | Found a sacrificial altar of Ru.
  1274 | D:2      | Became a worshipper of Ru the Awakened
  1309 | D:2      | Reached XP level 4. HP: 29/29 MP: 4/4
  1434 | D:2      | Found a runed translucent door.
  1435 | D:2      | Noticed Crazy Yiuf
  1510 | D:3      | Found Zyazabb's Book Shop.
  1535 | D:3      | Found Zoimykao's Weapon Shoppe.
  1665 | D:3      | Found a snail-covered altar of Cheibriados.
  1667 | D:3      | Found Muwer's Antique Weapon Shop.
  2088 | D:3      | Noticed Sigmund
  2090 | D:3      | Noticed Natasha
  2099 | D:3      | Killed Sigmund
  2100 | D:3      | Reached skill level 4 in Shapeshifting
  2100 | D:3      | Reached XP level 5. HP: 25/36 MP: 5/5
  2100 | D:3      | Reached XP level 6. HP: 28/41 MP: 6/6
  2102 | D:3      | Killed Natasha
  2311 | D:3      | Noticed Grinder
  2320 | D:3      | Killed Grinder
  2321 | D:3      | Reached skill level 5 in Shapeshifting
  2321 | D:3      | Reached XP level 7. HP: 20/46 MP: 7/7
  2519 | D:3      | Found an iron altar of Okawaru.
  2722 | D:4      | Gained mutation: You are hated by all. [Ru sacrifice]
  2722 | D:4      | Reached * piety under Ru
  3116 | D:4      | Reached skill level 6 in Shapeshifting
  3706 | D:5      | Entered Level 5 of the Dungeon
  3710 | D:5      | Reached skill level 5 in Unarmed Combat
  3735 | D:5      | Reached skill level 1 in Evocations
  3839 | D:5      | Reached XP level 8. HP: 45/54 MP: 8/8
  3888 | D:5      | Found an opulent altar of Gozag.
  3897 | D:5      | Found a broken altar of Ashenzari.
  4443 | D:5      | Found a sacrificial altar of Ru.
  4576 | D:6      | Reached skill level 7 in Shapeshifting
  4582 | D:5      | HP: 2/48 [wight/+0 heavy scimitar (6)]
  4761 | D:6      | Reached skill level 1 in Ranged Weapons
  4802 | D:6      | Reached skill level 5 in Fighting
  5051 | D:6      | HP: 2/55 [poisoned by a kobold brigand (curare-tipped
                  | dart)]
  5051 | D:6      | Slain by a kobold brigand

Illustrated notes

Levels and vault maps discovered:
D:1:      heliophobic_arrival_henge, layout_rooms,
          chequers_serial_rivers_large_b
D:2:      layout_loops_ring, basic_altar, uniq_terence, uniq_crazy_yiuf_cottage
D:3:      layout_basic, lemuel_coloured_pillars_altar, cheibriados_altar_1,
          serial_shops, shop, shop, shop, chequers_serial_rivers_marsh,
          serial_bayou_lagoon_b, uniq_grinder, uniq_sigmund, uniq_natasha
D:4:      nicolae_BIG_FREAKIN_CUBE, layout_basic, st_stairs_3,
          corexii_item_surrounded_by_moat
D:5:      layout_basic, grunt_temple_overflow_diamond,
          nicolae_ru_great_annihilating_truth
D:6:      layout_basic, fedhas_bush_and_centaur_altar,
          minmay_temple_entry_junction_2, serial_shops,
          nicolae_shop_advertising_works [nicolae_subvault_shop_adworks]

Skill      XL: |  1  2  3  4  5  6  7  8 |
---------------+-------------------------+-----
Fighting       | 2 3 4 5 |  5.1
Unarmed Combat | 4 5 |  5.9
Shapeshifting  | 4 5 6 7 |  7.4
Evocations     | 1 3 |  3.2
Ranged Weapons | 1 |  1.5
Dodging        | |  2.0

Action                     |  1- 3 |  4- 6 |  7- 9 || total
---------------------------+-------+-------+-------++-------
  Melee: Unarmed           |    56 |    50 |   165 ||   271
         Constrict         |    10 |    12 |    39 ||    61
         Tentacles         |    12 |     7 |    31 ||    50
         Punch             |     1 |       |    17 ||    18
   Fire: Shortbow          |       |       |     5 ||     5
 Invoke: Sacrifice Love    |       |       |     1 ||     1
    Use: Potion            |       |     1 |       ||     1
   Stab: Sleeping          |     4 |     5 |     7 ||    16
         Paralysed         |       |       |     2 ||     2
         Invisible         |       |       |     1 ||     1
 Armour: Skin              |    15 |    33 |    63 ||   111
  Dodge: Dodged            |    31 |    16 |   107 ||   154

Table legend: (Time is in decaauts)
 A = Elapsed time spent in this place.
 B = Non-inter-level travel time spent in this place.
 C = Inter-level travel time spent in this place.
 D = Time resting spent in this place.
 E = Time spent auto-exploring this place.
 F = Levels seen in this place.
 G = Mean time per level.
                   A        B        C        D        E       F      G
               +--------+--------+--------+--------+--------+-----+--------+
         Total |   5028 |   4838 |    190 |    628 |   3561 |   6 |  838.0 |
       Dungeon |   5028 |   4838 |    190 |    628 |   3561 |   6 |  838.0 |
               +--------+--------+--------+--------+--------+-----+--------+

Top non-repeatable levels by time:
     D:4: 1133 daAuts
     D:3: 1053 daAuts
     D:5: 1022 daAuts
     D:2: 996 daAuts
     D:1: 509 daAuts
     D:6: 313 daAuts
